 Dungeon Crawl Stone Soup version 0.24.0-41-g2ae2f7f1be (webtiles) character file.

Game seed: 15212552172179300615, levelgen mode: deterministic

70673 Goreval the Markscentaur (level 14, 0/125 HPs)
             Began as a Centaur Hunter on Dec 10, 2019.
             Was the Champion of Qazlal.
             Slain by Agnes
             ... wielding a +1 vampiric lajatang
              (24 damage)
             ... on level 13 of the Dungeon.
             The game lasted 01:15:41 (36665 turns).

Goreval the Markscentaur (Centaur Hunter)          Turns: 36665, Time: 01:15:42

Health: 0/125      AC: 24    Str: 21 (22) XL:     14   Next: 95%
Magic:  0/34       EV:  5    Int: 14      God:    Qazlal [******]
Gold:   687        SH:  8    Dex: 13 (14) Spells: 13/13 levels left

rFire    . . .     SeeInvis +   b - +1 scythe "Petumas" {elec, MR+ Str+3 Dex+3}
rCold    . . .     Gourm    .   (shield currently unavailable)
rNeg     . . .     Faith    .   o - +4 plate armour {rPois}
rPois    +         Spirit   +   T - +1 helmet of Jezuop {MR+ rCorr Int+4 Slay+2}
rElec    .         Reflect  .   X - scarf {repulsion}
rCorr    +         Harm     .   W - +0 pair of gloves
MR       +++..                  (no barding)
Stlth    ..........             h - amulet of guardian spirit
HPRegen  0.30/turn              v - ring of magical power
MPRegen  0.24/turn              q - ring of see invisible

@: protected from physical damage, very slightly contaminated, repel missiles,
very quick
A: large, hooves 3, icy blue scales 1, deformed body, deterioration 1, speed 2,
high mp 1, tough skin 3
a: Upheaval, Elemental Force, Disaster Area, Renounce Religion


You were on level 13 of the Dungeon.
You worshipped Qazlal.
Qazlal was exalted by your worship.
You were not hungry.

You visited 2 branches of the dungeon, and saw 20 of its levels.
You also visited: Sewer.

You collected 1157 gold pieces.
You spent 470 gold pieces at shops.

Inventory:

Hand Weapons
 a - a +2 shortbow
 b - the +1 scythe "Petumas" (weapon) {elec, MR+ Str+3 Dex+3}
   (You found it on level 7 of the Dungeon)

   Occasionally, upon striking a foe, it will discharge some electrical energy
   and cause terrible harm.
   It affects your strength (+3).
   It affects your dexterity (+3).
   It affects your resistance to hostile enchantments.
Missiles
 d - 221 arrows
 m - 2 throwing nets (quivered)
Armour
 o - a +4 plate armour of poison resistance (worn)
 z - the +2 robe of Polytheism {+Blink Dex+6}
   (You found it on level 4 of the Dungeon)

   It affects your dexterity (+6).
   It lets you blink.
 I - a +1 cloak
 T - the +1 helmet of Jezuop (worn) {MR+ rCorr Int+4 Slay+2}
   (You found it on level 11 of the Dungeon)

   It affects your intelligence (+4).
   It affects your accuracy and damage with ranged weapons and melee attacks
   (+2).
   It affects your resistance to hostile enchantments.
   It provides partial protection from all sources of acid and corrosion.
 W - a +0 pair of gloves (worn)
 X - a scarf of repulsion (worn)
Jewellery
 h - an amulet of guardian spirit (around neck)
 q - a ring of see invisible (right hand)
 v - a ring of magical power (left hand)
 x - an uncursed ring of ice
 E - a +3 ring of evasion
 H - an uncursed ring of positive energy
 M - a cursed -2 ring of strength {unknown}
 O - an uncursed ring of resist corrosion
 U - an uncursed amulet of magic regeneration
 Y - a +3 ring of dexterity {unknown}
Wands
 p - a wand of paralysis (10)
 t - a wand of polymorph (6)
 y - a wand of disintegration (26)
 J - a wand of acid (15)
 K - a wand of flame (43)
 P - a wand of enslavement (7)
 R - a wand of digging (1)
Scrolls
 c - 5 scrolls of immolation
 e - 7 scrolls of remove curse
 i - 6 scrolls of identify
 j - 2 scrolls of enchant weapon
 k - 3 scrolls of fog
 l - 9 scrolls of teleportation
 r - 2 scrolls of enchant armour
 w - 3 scrolls of fear
 B - 4 scrolls of blinking
 D - 5 scrolls of magic mapping
 G - 3 scrolls of amnesia
 L - 2 scrolls of silence
Potions
 g - 8 potions of curing
 n - 6 potions of agility
 s - 3 potions of heal wounds
 u - 8 potions of flight
 A - 2 potions of ambrosia
 C - 3 potions of might
 F - 2 potions of cancellation
 N - a potion of invisibility
 Q - 5 potions of brilliance
 S - 3 potions of haste
Comestibles
 f - 34 rations


   Skills:
 + Level 11.8 Fighting
 * Level 9.3 Polearms
 * Level 17.7 Bows
 + Level 8.4 Armour
 - Level 1.3 Dodging
 - Level 0.4 Stealth
 - Level 6.7 Unarmed Combat
 - Level 12.4 Invocations
 + Level 0.1 Evocations


You had 13 spell levels left.
You didn't know any spells.
Your spell library contained the following spells:

 Spells                   Type           Power        Failure   Level  Hunger
 Magic Dart               Conj           #...         99%         1    ##.....
 Summon Small Mammal      Summ           #...         99%         1    ##.....
 Blink                    Tloc           N/A          100%        2    ###....
 Call Imp                 Summ           #.......     100%        2    ###....
 Poisonous Vapours        Pois/Air       #.....       100%        2    ###....
 Slow                     Hex            #.......     100%        2    ###....
 Call Canine Familiar     Summ           #.......     100%        3    ####...
 Conjure Flame            Conj/Fire      #.......     100%        3    ####...
 Dazzling Spray           Conj/Hex       #.....       100%        3    ####...
 Mephitic Cloud           Conj/Pois/Air  #.......     100%        3    ####...
 Recall                   Summ/Tloc      N/A          100%        3    ####...
 Summon Guardian Golem    Hex/Summ       #.......     100%        3    ####...
 Fulminant Prism          Conj/Hex       #.........   100%        4    #####..
 Summon Ice Beast         Ice/Summ       #.......     100%        4    #####..
 Summon Lightning Spire   Summ/Air       #.......     100%        4    #####..
 Aura of Abjuration       Summ           #.........   100%        5    ######.
 Iskenderun's Battlesphe  Conj/Chrm      #.......     100%        5    ######.
 Summon Demon             Summ           #.........   100%        5    ######.
 Summon Forest            Summ/Tloc      #.........   100%        5    ######.
 Summon Mana Viper        Hex/Summ       #.......     100%        5    ######.
 Venom Bolt               Conj/Pois      #.........   100%        5    ######.
 Freezing Cloud           Conj/Ice/Air   #.........   100%        6    #######
 Shadow Creatures         Summ           N/A          100%        6    #######
 Ring of Flames           Chrm/Fire      #.........   100%        7    #######


Dungeon Overview and Level Annotations

Branches:
Dungeon (14/15)            Temple (0/1) D:6            Lair (6/6) D:9
  Swamp (0/4) Lair:4        Snake (0/4) Lair:3        Slime (0/5) Lair:5
    Orc (0/2) D:12         Vaults (0/5) D:14          Sewer (visited)

Altars:
Fedhas
Nemelex Xobeh
Qazlal
Uskayaw
Xom
The Shining One

Shops:
D:6 :   D:7 =[:[   D:9 (   D:11 =

Portals:
Trove: D:10 (show slimy rune of Zot)

Annotations:
D:11 2 runed translucent doors, FishyPogo's ghost, journeyman GnWz
D:13 Agnes


Innate Abilities, Weirdness & Mutations

You have hooves in place of feet.
Armour fits poorly on your strangely shaped body.
You cover ground very quickly.
You have extremely tough skin. (AC +3)
You are partially covered in icy blue scales. (AC +2)
Your body sometimes deteriorates upon taking damage.
You have an increased reservoir of magic. (+10% MP)


Message History

Okay, then.
Okay, then.
A storm cloud blasts the area with cutting wind!
The cutting wind hits Agnes!!!
Agnes hits you with a +1 vampiric lajatang!!!
* * * LOW HITPOINT WARNING * * *
Agnes draws strength from your wounds!
Okay, then.
You feel much better. Agnes barely misses you.
Agnes hits you but does no damage.
Okay, then.
Okay, then.
Okay, then.
Okay, then.
You closely miss Agnes. You kick Agnes.
Agnes hits you with a +1 vampiric lajatang!
* * * LOW HITPOINT WARNING * * *
Agnes draws strength from your wounds!
Agnes hits you with a +1 vampiric lajatang!!
You die...

#.# #.# #.# #......
#.##########.#####.########....[.
#................................
#.######.######.......#####......
#.# #.# #.......# #.....( #.# #.#
#..>....# #...... #.# #.#
#§......# #...... #.# #.#
#..○°...# #...... #.# #.#
#.@i☼...# #...... #.# #.#
#.§☼....# #...... #.# #.#
#.......# #......
#.######.######.......#####......
#...........).)..................
#.#########.#######.#######......
#.# #.# #.# #...... #.# #.# #.#
#...... #.# #.# #.# #......


You could see Agnes.

Vanquished Creatures
  An ironheart preserver (D:14)
  A dire elephant (Lair:6)
  Josephine (Lair:4)
  2 catoblepae (Lair:6)
  Harold (D:7)
  A rakshasa (D:14)
  6 hydras
  A centaur warrior (D:10)
  Erica (D:8)
  A two-headed ogre (D:12)
  10 death yaks
  A death knight (D:13)
  A deep troll shaman (Lair:6)
  Sonja (D:13)
  Nergalle (D:12)
  A deep elf knight (D:14)
  A skeletal warrior (D:13)
  A lindwurm (Lair:5)
  2 unseen horrors
  2 ugly things
  4 oklob plants (Lair:4)
  A deep elf mage (D:11)
  A manticore (D:11)
  10 black mambas
  7 elephants (Lair:6)
  Psyche (D:9)
  A molten gargoyle (Lair:4)
  A gargoyle (D:11)
  2 torpor snails
  A centaur zombie (D:12)
  A kobold demonologist (D:14)
  12 spiny frogs
  A centaur skeleton (D:14)
  9 komodo dragons
  2 rime drakes
  2 freezing wraiths
  An efreet (D:13)
  5 trolls
  2 polar bears (Lair:6)
  13 blink frogs
  11 hippogriffs
  A hornet (D:8)
  6 slime creatures
  4 dream sheep (Lair:4)
  4 bog bodies (Lair:4)
  Sigmund (D:3)
  6 wraiths
  49 yaks
  2 wyverns
  A steam dragon (D:10)
  A basilisk (Lair:4)
  A hungry ghost (D:6)
  A vampire mosquito (D:14)
  A swamp worm (Lair:4)
  An acid dragon (D:12)
  20 water moccasins
  2 porcupines (Lair:5)
  6 orc warriors
  5 black bears
  2 ice beasts
  5 sky beasts
  2 phantoms
  17 wolves
  7 ogres
  4 necrophages
  7 centaurs
  13 crocodiles
  17 bullfrogs
  A gnoll sergeant (D:8)
  5 big kobolds
  A wyvern zombie (D:11)
  3 scorpions
  A water moccasin skeleton (D:7)
  A wyvern skeleton (D:11)
  8 wights
  3 electric eels
  3 howler monkeys (D:11)
  2 crimson imps
  A quasit (D:11)
  2 bullfrog zombies
  5 jellies
  7 hounds
  11 orc priests
  4 bullfrog skeletons
  An iguana (D:7)
  Natasha (thrice) (D:3)
  11 orc wizards
  9 worker ants
  2 hound zombies (D:6)
  11 adders
  14 gnolls
  5 shadow imps
  An ooze (D:7)
  An adder skeleton (D:6)
  2 worms
  2 dart slugs
  5 leopard geckos
  68 orcs
  3 ball pythons
  5 giant cockroaches
  11 goblins
  4 hobgoblins
  19 jackals
  A quokka (D:9)
  9 bats
  6 frilled lizards
  A giant cockroach zombie (D:5)
  19 kobolds
  A leopard gecko skeleton (D:6)
  12 rats
  A fire vortex (Lair:4)
  7 plants
603 creatures vanquished.

Vanquished Creatures (others)
  A shadow imp (D:10)
  A bush (Lair:6)
  15 fungi
  20 plants
37 creatures vanquished.

Grand Total: 640 creatures vanquished

Notes
Turn   | Place    | Note
-------+----------+-------------------------------------------
     0 | D:1      | Goreval the Centaur Hunter began the quest for the Orb.
     0 | D:1      | Reached XP level 1. HP: 17/17 MP: 1/1
   507 | D:1      | Reached XP level 2. HP: 14/24 MP: 2/2
  1050 | D:1      | Reached skill level 1 in Unarmed Combat
  1654 | D:2      | Reached skill level 6 in Bows
  1654 | D:2      | Reached XP level 3. HP: 26/30 MP: 3/3
  1908 | D:2      | HP: 1/30 [kobold/+0 whip (6)]
  2313 | D:2      | Found a stormy altar of Qazlal.
  2315 | D:2      | Found a hide-covered altar of Uskayaw.
  2325 | D:2      | Became a worshipper of Qazlal Stormbringer
  3145 | D:2      | Reached XP level 4. HP: 37/37 MP: 4/4
  5036 | D:3      | Reached XP level 5. HP: 32/42 MP: 5/5
  5267 | D:3      | Noticed Natasha
  5271 | D:3      | Killed Natasha
  5271 | D:3      | Reached skill level 1 in Armour
  5271 | D:3      | Reached skill level 1 in Invocations
  5513 | D:3      | Noticed Natasha
  5525 | D:3      | Killed Natasha
  5833 | D:3      | Reached * piety under Qazlal
  5848 | D:3      | Reached skill level 7 in Bows
  5949 | D:3      | Noticed Sigmund
  6351 | D:3      | Killed Sigmund
  6351 | D:3      | Reached XP level 6. HP: 20/51 MP: 5/7
  6629 | D:3      | Noticed Natasha
  6636 | D:3      | Killed Natasha
  6861 | D:4      | Got a steaming robe
  7131 | D:4      | Reached XP level 7. HP: 57/57 MP: 8/8
  7228 | D:4      | Identified the +2 robe of Polytheism {+Blink Dex+6} (You
                  | found it on level 4 of the Dungeon)
  7384 | D:4      | Found a shimmering altar of Xom.
  7388 | D:4      | Found a blossoming altar of Fedhas.
  7531 | D:5      | Entered Level 5 of the Dungeon
  7587 | D:5      | Reached skill level 8 in Bows
  7730 | D:5      | Found a glowing golden altar of the Shining One.
  7887 | D:5      | Found a glowing drain.
  7928 | D:5      | Got a dazzling mace
  7935 | Sewer    | Entered a sewer
  8226 | Sewer    | Reached ** piety under Qazlal
  8318 | Sewer    | Reached skill level 9 in Bows
  8318 | Sewer    | Reached XP level 8. HP: 33/66 MP: 10/10
  9180 | D:5      | Identified the +3 mace "Ypro" {crush, Str+2} (You found it
                  | on level 5 of the Dungeon)
  9377 | D:5      | Reached skill level 5 in Unarmed Combat
 10090 | D:6      | Reached skill level 10 in Bows
 10141 | D:6      | Reached skill level 5 in Fighting
 10215 | D:6      | Found Xezamoez's Book Emporium.
 10518 | D:6      | Found a staircase to the Ecumenical Temple.
 10663 | D:6      | Found a sparkling altar of Nemelex Xobeh.
 11181 | D:7      | Reached XP level 9. HP: 74/74 MP: 12/12
 11199 | D:7      | Found Davevuevoe's Book Shop.
 11200 | D:7      | Found Tuoleuxaad's Armour Emporium.
 11211 | D:7      | Reached skill level 5 in Invocations
 11306 | D:7      | Reached *** piety under Qazlal
 11347 | D:7      | Noticed Harold
 11394 | D:7      | Reached skill level 11 in Bows
 11563 | D:7      | Killed Harold
 11909 | D:7      | Reached skill level 12 in Bows
 12165 | D:7      | Found Hir Zachyr's Armour Boutique.
 12235 | D:7      | Got a dazzling scythe
 12253 | D:7      | Found Sierr's Jewellery Emporium.
 12505 | D:8      | Identified the cursed +1 scythe "Petumas" {elec, MR+ Str+3
                  | Dex+3} (You found it on level 7 of the Dungeon)
 12697 | D:8      | You fall into a shaft and drop 2 floors!
 12697 | D:10     | Entered Level 10 of the Dungeon
 12761 | D:11     | Reached skill level 1 in Polearms
 12874 | D:11     | Noticed a deep elf mage
 12942 | D:11     | Noticed a red devil
 12944 | D:11     | Killed a deep elf mage
 12944 | D:11     | Reached XP level 10. HP: 46/82 MP: 14/14
 12949 | D:11     | Found a large runed translucent door.
 12951 | D:11     | Found a large runed translucent door.
 12953 | D:11     | Noticed FishyPogo's ghost (journeyman GnWz)
 12991 | D:11     | Noticed a manticore
 13014 | D:11     | HP: 1/84 [manticore (14)]
 13016 | D:11     | Killed a manticore
 13049 | D:11     | Noticed a green ugly thing
 13433 | D:11     | Killed a green ugly thing
 13478 | D:11     | Reached skill level 13 in Bows
 13774 | D:11     | Found Jacvied's Jewellery Shop.
 13871 | D:11     | Got a dazzling helmet
 13882 | D:11     | Identified the +1 helmet of Jezuop {MR+ rCorr Int+4 Slay+2}
                  | (You found it on level 11 of the Dungeon)
 14998 | D:9      | Noticed Psyche
 15006 | D:9      | Killed Psyche
 15136 | D:9      | Paralysed by a hornet for 3 turns
 15151 | D:8      | HP: 4/86 [poisoned by a hornet]
 15158 | D:8      | HP: 4/86 [poisoned by a hornet]
 15164 | D:8      | HP: 4/86 [poisoned by a hornet]
 15777 | D:9      | Reached **** piety under Qazlal
 16419 | D:9      | Reached XP level 11. HP: 87/91 MP: 16/16
 16458 | D:9      | Noticed Erica
 16479 | D:9      | Reached skill level 5 in Polearms
 16479 | D:9      | Reached skill level 14 in Bows
 16519 | D:8      | Killed Erica
 17228 | D:9      | Found Zefier's Weapon Shoppe.
 17446 | D:9      | Found a staircase to the Lair.
 18334 | D:10     | Reached ***** piety under Qazlal
 18514 | D:10     | Found a portal to a secret trove of treasure.
 19446 | D:11     | Reached skill level 15 in Bows
 19501 | D:11     | Noticed an unseen horror
 19508 | D:11     | Killed an unseen horror
 19537 | D:11     | Noticed a centaur warrior
 19711 | D:10     | Killed a centaur warrior
 20335 | Lair:1   | Entered Level 1 of the Lair of Beasts
 20621 | D:7      | Bought a +4 plate armour of poison resistance for 470 gold
                  | pieces
 20710 | Lair:1   | Reached XP level 12. HP: 84/102 MP: 18/18
 20723 | Lair:1   | Noticed a four-headed hydra
 20952 | D:9      | Killed a five-headed hydra
 24195 | Lair:3   | Reached skill level 10 in Invocations
 24344 | Lair:3   | Reached skill level 5 in Armour
 24976 | Lair:3   | Found a staircase to the Snake Pit.
 25479 | Lair:4   | Reached skill level 10 in Fighting
 25671 | Lair:3   | Gained mutation: You are clumsy. (Dex -2) [potion of
                  | mutation]
 25671 | Lair:3   | Gained mutation: You have a somewhat thin skeletal
                  | structure. (Dex +2, Stealth) [potion of mutation]
 25671 | Lair:3   | Gained mutation: You expend magic power (3 MP) to
                  | strengthen your wands. [potion of mutation]
 25672 | Lair:3   | Lost mutation: You expend magic power (3 MP) to strengthen
                  | your wands. [potion of mutation]
 25672 | Lair:3   | Lost mutation: You are clumsy. (Dex -2) [potion of
                  | mutation]
 25672 | Lair:3   | Lost mutation: You have a somewhat thin skeletal structure.
                  | (Dex +2, Stealth) [potion of mutation]
 25672 | Lair:3   | Gained mutation: You are partially covered in icy blue
                  | scales. (AC +2) [potion of mutation]
 25672 | Lair:3   | Gained mutation: Your body sometimes deteriorates upon
                  | taking damage. [potion of mutation]
 25672 | Lair:3   | Gained mutation: You have an increased reservoir of magic.
                  | (+10% MP) [potion of mutation]
 25791 | Lair:4   | Reached XP level 13. HP: 106/113 MP: 22/22
 26615 | Lair:4   | Reached ****** piety under Qazlal
 26899 | Lair:4   | Found a staircase to the Swamp.
 27150 | Lair:4   | Identified Sif Muna's Tome of Torrid Attacks
 27780 | Lair:5   | Noticed Josephine
 28006 | Lair:4   | Killed Josephine
 29035 | Lair:5   | Found a staircase to the Slime Pits.
 29053 | Lair:5   | Got a bloodstained leather armour
 29270 | Lair:5   | You fall into a shaft and drop 1 floor!
 29270 | Lair:6   | Entered Level 6 of the Lair of Beasts
 29308 | Lair:6   | Reached skill level 16 in Bows
 29701 | Lair:6   | Reached XP level 14. HP: 100/124 MP: 25/25
 31982 | Lair:6   | Reached skill level 17 in Bows
 32698 | Lair:6   | Identified the cursed +0 leather armour of the Maze {rCorr}
                  | (You found it on level 5 of the Lair of Beasts)
 33477 | D:12     | Noticed Nergalle
 33502 | D:12     | Killed Nergalle
 33952 | D:12     | Found a staircase to the Orcish Mines.
 34270 | D:13     | Noticed Sonja
 34606 | D:14     | Noticed an ironheart preserver
 34637 | D:14     | Killed an ironheart preserver
 34835 | D:14     | Found a gate to the Vaults.
 35056 | D:13     | Killed Sonja
 36645 | D:14     | Noticed Agnes
 36665 | D:13     | Slain by Agnes

Levels and vault maps discovered:
D:1:      roderic_dead_forest, layout_basic, serial_glass, glass_columns_b,
          glass_columns_b
D:2:      layout_basic, chequers_temple_overflow_statue_of_worship,
          serial_forest, infiniplex_forest_clump_medium,
          infiniplex_forest_clump_double, infiniplex_forest_end_1,
          infiniplex_forest_fountain, infiniplex_forest_straight_2,
          infiniplex_forest_join, infiniplex_forest_end_2,
          infiniplex_forest_diagonal, infiniplex_forest_straight_2,
          infiniplex_forest_clump_curved, item_on_display_a
D:3:      layout_loops_cross, first_ration, grunt_decor_one_mirror,
          uniq_natasha, uniq_sigmund
D:4:      layout_loops_cross, grunt_temple_overflow_open
D:5:      layout_basic, tso_metal_star, cheibrodos_sewer_entry_drain
D:6:      layout_loops_ring, overflow_temple_1_default,
          minmay_temple_entry_glassed_door, serial_shops,
          nicolae_shop_waterfront, minivault_10, mrwooster_statue_mirror
D:7:      minmay_inner_zag, layout_basic, serial_shops, shop,
          kennysheep_mini_moat, nicolae_shop_crystal, nicolae_shop_trees,
          uniq_harold
D:8:      layout_loops_corners
D:9:      layout_gridville, david_lair_shrubbed, serial_shops, shop,
          uniq_psyche, uniq_erica
D:10:     layout_roguey, nicolae_trove_entry_free_sample, blue_anna_alchemist
          [blue_anna_fruit_fields, blue_anna_fruit_fields]
D:11:     layout_loops_ring, enter_bailey_3, ebering_ghost_disaster_area,
          serial_shops, nicolae_shop_window_shopping, minmay_bent
D:12:     layout_irregular_city, orc_0_dummy, serial_column_ruins,
          column_ruins_open_small, column_ruins_grid_1,
          column_ruins_columns_corner, column_ruins_open_small_water,
          uniq_nergalle
D:13:     layout_small_grid, minmay_misc_feat_iff, minmay_fountain_box,
          uniq_sonja
D:14:     layout_basic, skrybe_vaults_entry_preservation,
          gauntlet_entry_generic, palyth_stone_intersect, minmay_circle_x,
          uniq_agnes
Lair:1:   layout_cave_pods, serial_bayou, serial_bayou_lagoon_a,
          serial_bayou_ford_a, serial_bayou_shore_b, serial_bayou_shore_a,
          cheibrodos_lair_reptile_den, serial_bayou_shore_b
Lair:2:   layout_long_grid, st_stairs_9
Lair:3:   layout_loops_ring, minmay_snake_entry_six_corridors,
          wad_woods_road_05, lemuel_fruit_tree, serial_bayou_shore_b
Lair:4:   layout_gridlike, nicolae_swamp_entry_splash_gauntlet,
          minmay_lair_oklob_chamber
Lair:5:   layout_loops_ring, minmay_slime_entry_pillars, uniq_josephine
Lair:6:   grunt_lair_end_beastmaster, layout_cave_pods,
          chequers_serial_rivers_micro_a, chequers_serial_rivers_micro_c,
          grunt_megastairs_4

Skill      XL: |  1  2  3  4  5  6  7  8  9 10 11 12 13 14 |
---------------+-------------------------------------------+-----
Unarmed Combat | 1 2 3 4 5 6 |  6.7
Bows           | 6 7 9 10 12 13 15 16 17 | 17.7
Armour         | 1 5 7 8 |  8.4
Invocations    | 1 2 3 4 6 7 9 10 11 12 | 12.4
Fighting       | 3 4 5 6 7 8 10 11 | 11.8
Polearms       | 1 4 6 7 9 |  9.3
Dodging        | |  1.3
Stealth        | |  0.4
Evocations     | |  0.1

Action                   |  1- 3 |  4- 6 |  7- 9 | 10-12 | 13-15 || total
-------------------------+-------+-------+-------+-------+-------++-------
Melee: Unarmed           |   198 |   231 |   267 |       |       ||   696
       Kick              |    34 |    55 |   109 |   150 |   206 ||   554
       Punch             |       |     1 |     7 |       |       ||     8
       Scythe            |       |       |    11 |   479 |   600 ||  1090
 Fire: Shortbow          |    21 |    65 |   208 |   224 |   204 ||   722
Invok: Upheaval          |       |       |       |       |     1 ||     1
 Abil: Evoke Blink       |       |       |     1 |     3 |       ||     4
Evoke: Wand              |       |       |       |     1 |     1 ||     2
  Use: Scroll            |       |       |    20 |     7 |     5 ||    32
       Potion            |       |       |       |     8 |     4 ||    12
 Stab: Confused          |       |       |     1 |       |       ||     1
       Petrified         |       |       |       |       |     6 ||     6
  Eat: Chunk             |     3 |    10 |    17 |    26 |    22 ||    78
       Ration            |     1 |       |       |     3 |     3 ||     7
Armor: Leather armour    |    62 |       |       |       |       ||    62
       Ring mail         |     8 |    68 |       |       |       ||    76
       Robe              |       |       |    90 |   138 |       ||   228
       Skin              |       |       |       |     7 |       ||     7
       Plate armour      |       |       |       |   134 |   509 ||   643
Dodge: Dodged            |   115 |    72 |   139 |   375 |   166 ||   867
       Deflected         |       |       |       |     6 |     2 ||     8
Block: Other             |       |     2 |    31 |   181 |   280 ||   494
